 Dungeon Crawl Stone Soup version 0.22.0-16-gc6d26f6 (webtiles) character file.

1040 shmeve the Skirmisher (level 8, -1/73 HPs)
             Began as a Minotaur Berserker on Aug 17, 2018.
             Was a Priest of Trog.
             Slain by an orc warrior
             ... wielding a +0 long sword
              (2 damage)
             ... on level 6 of the Dungeon.
             The game lasted 00:09:59 (4030 turns).

shmeve the Skirmisher (Minotaur Berserker)          Turns: 4030, Time: 00:10:00

Health: -1/73      AC: 14    Str: 24    XL:     8   Next: 4%
Magic:  0/7        EV: 11    Int:  4    God:    Trog [***...]
Gold:   209        SH:  3    Dex: 10    Spells: 7/7 levels left

rFire    . . .     SeeInvis .   a - +0 hand axe
rCold    . . .     Gourm    .   (no shield)
rNeg     + . .     Faith    .   b - +0 plate armour
rPois    .         Spirit   +   (helmet restricted)
rElec    .         Reflect  +   B - scarf {Spirit}
rCorr    .         Harm     .   u - +0 pair of gloves
MR       ++...                  d - +0 pair of boots (curse)
Stlth    ..........             o - +3 amulet of reflection
HPRegen  1.22/turn              s - ring of positive energy
MPRegen  0.10/turn              z - +3 ring of evasion

@: berserk cooldown, regenerating, slowed, very slow
A: retaliatory headbutt, horns 2
a: Berserk, Trog's Hand, Renounce Religion


You were on level 6 of the Dungeon.
You worshipped Trog.
Trog was most pleased with you.
You were near starving.

You visited 2 branches of the dungeon, and saw 7 of its levels.

You collected 209 gold pieces.

Inventory:

Hand Weapons
 a - a +0 hand axe (weapon)
Missiles
 A - 5 javelins (quivered)
Armour
 b - a +0 plate armour (worn)
 d - a cursed +0 pair of boots (worn)
 u - a +0 pair of gloves (worn)
 B - a scarf of spirit shield (worn)
Jewellery
 o - a +3 amulet of reflection (around neck)
 s - a ring of positive energy (left hand)
 z - a +3 ring of evasion (right hand)
Scrolls
 e - 4 scrolls of teleportation {unknown}
 g - a scroll of blinking {unknown}
 h - 2 scrolls of amnesia {unknown}
 j - a scroll of noise {unknown}
 k - 3 scrolls of immolation {unknown}
 l - 2 scrolls of fear {unknown}
 m - 8 scrolls of remove curse {unknown}
 n - 8 scrolls of identify {unknown}
 t - a scroll of random uselessness {unknown}
 v - a scroll of enchant armour {unknown}
 w - a scroll of fog {unknown}
 y - 2 scrolls of magic mapping {unknown}
Potions
 f - a potion of magic {unknown}
 i - 4 potions of curing {unknown}
 p - a potion of mutation {unknown}
 q - 2 potions of degeneration {unknown}
 r - 2 potions of might {unknown}
 x - a potion of invisibility {unknown}
Comestibles
 c - 10 rations


   Skills:
 * Level 7.0 Fighting
 * Level 7.0 Axes
 + Level 3.3 Throwing
 + Level 4.7 Armour
 + Level 4.2 Dodging


You had 7 spell levels left.
You didn't know any spells.
Your spell library was empty.

Dungeon Overview and Level Annotations

Branches:
Dungeon (6/15)             Temple (1/1) D:5

Altars:
Fedhas
Nemelex Xobeh
Wu Jian

Annotations:
D:6 Blork the orc


Innate Abilities, Weirdness & Mutations

You reflexively headbutt those who attack you in melee.
You have a pair of horns on your head.


Message History

The orc warrior hits you with a long sword.
* * * LOW HITPOINT WARNING * * *
You hit the orc priest.
The orc priest is severely wounded.
You barely miss the orc warrior. You closely miss the adder.
You hit the worker ant but do no damage.
Your plate armour prevents you from hitting the orc wizard.
You barely miss the orc. The adder misses you.
The worker ant closely misses you.
The orc priest hits you with a falchion.
* * * LOW HITPOINT WARNING * * *
The orc wizard casts a spell at you. The magic dart hits you!
* * * LOW HITPOINT WARNING * * *
The orc closely misses you.
Blork the orc mumbles some strange words.
Blork the orc seems to speed up.
The adder barely misses you. You block the worker ant's attack.
The orc warrior hits you with a long sword.
You die...

#########.##.###.#.
...........$))...)..
=............)....#
..................#
..................#
..........).......#
.........)........#
.$.....S†.........#
.....la@o.........#
......ooo.........#
..................#
...................
..................
...o.............
............?...
...............


You could see Blork the orc, an orc warrior, a worker ant, an orc priest, an orc
wizard, an adder, an orc and a leopard gecko.

Vanquished Creatures
  2 water moccasins (D:5)
  A sky beast (D:5)
  An ogre (D:4)
  A centaur (D:5)
  A scorpion (D:5)
  A crimson imp (D:6)
  3 hounds
  An orc priest (D:6)
  A centaur zombie (D:6)
  An iguana (D:6)
  3 worker ants
  2 hound skeletons
  Robin (D:3)
  4 gnolls (D:3)
  6 adders
  3 oozes
  3 worms
  2 leopard geckos
  9 orcs
  2 giant cockroaches
  9 goblins
  17 hobgoblins
  5 jackals
  A quokka (D:3)
  3 ball pythons
  10 bats
  4 frilled lizards
  9 kobolds
  3 rats
109 creatures vanquished.

Notes
Turn   | Place    | Note
-------+----------+-------------------------------------------
     0 | D:1      | shmeve the Minotaur Berserker began the quest for the Orb.
     0 | D:1      | Reached XP level 1. HP: 19/19 MP: 0/0
    58 | D:1      | Reached XP level 2. HP: 27/27 MP: 1/1
   322 | D:1      | Reached XP level 3. HP: 32/33 MP: 2/2
   341 | D:1      | Reached ** piety under Trog
   341 | D:1      | Reached skill level 1 in Throwing
   738 | D:2      | Reached XP level 4. HP: 32/41 MP: 3/3
  1175 | D:2      | Found a faded altar of an unknown god.
  1544 | D:3      | Noticed Robin
  1560 | D:3      | Killed Robin
  1702 | D:3      | Reached XP level 5. HP: 47/47 MP: 4/4
  1850 | D:3      | Reached *** piety under Trog
  1999 | D:3      | Reached skill level 5 in Fighting
  2025 | D:3      | Found a sparkling altar of Nemelex Xobeh.
  2142 | D:3      | Reached skill level 5 in Axes
  2706 | D:4      | Reached XP level 6. HP: 56/56 MP: 5/5
  3038 | D:5      | Entered Level 5 of the Dungeon
  3261 | D:5      | Found a staircase to the Ecumenical Temple.
  3278 | D:5      | Noticed a sky beast
  3299 | Temple   | Entered the Ecumenical Temple
  3311 | D:5      | Killed a sky beast
  3311 | D:5      | Reached XP level 7. HP: 48/63 MP: 4/6
  3557 | D:5      | Found a blossoming altar of Fedhas.
  4017 | D:6      | Reached XP level 8. HP: 70/73 MP: 2/7
  4028 | D:6      | Noticed Blork the orc
  4030 | D:6      | HP: 1/73 [orc wizard/magic dart (6)]
  4030 | D:6      | Slain by an orc warrior

Skill      XL: |  1  2  3  4  5  6  7  8 |
---------------+-------------------------+-----
Axes           | 4 5 6 7 |  7.0
Fighting       | 4 5 6 7 |  7.0
Throwing       | 1 2 3 |  3.3
Armour         | 3 4 |  4.7
Dodging        | 3 4 |  4.2

Action                   |  1- 3 |  4- 6 |  7- 9 || total
-------------------------+-------+-------+-------++-------
Melee: Hand axe          |    66 |   138 |    53 ||   257
       Headbutt          |    14 |    24 |    19 ||    57
Throw: Stone             |       |    18 |       ||    18
       Javelin           |       |     5 |       ||     5
Invok: Berserk           |       |     2 |     1 ||     3
       Trog's Hand       |       |       |     1 ||     1
  Eat: Chunk             |       |     9 |     2 ||    11
Armor: Animal skin       |    24 |       |       ||    24
       Chain mail        |     2 |     3 |       ||     5
       Plate armour      |       |    64 |    32 ||    96
Dodge: Dodged            |    48 |    62 |    37 ||   147
Block: Other             |     5 |    23 |    11 ||    39
       Reflection        |       |       |     3 ||     3
